 Dungeon Crawl Stone Soup version 0.18-a0-1243-g9e52518 (webtiles) character file.

1627 namelastname112 the Cudgeler (level 8, -3/70 HPs)
             Began as a White Draconian Gladiator on Feb 5, 2016.
             Was an Initiate of Gozag.
             Slain by an orc warrior
             ... wielding a +0 scimitar
              (23 damage)
             ... on level 6 of the Dungeon.
             The game lasted 00:11:47 (7012 turns).

namelastname112 the Cudgeler (DrGl)                 Turns: 7012, Time: 00:11:51

Health: -3/70      AC:  7    Str: 19    XL:     8   Next: 65%
Magic:  8/8        EV: 14    Int:  8    God:    Gozag
Gold:   240        SH:  0    Dex: 13    Spells: 0 memorised, 7 levels left

rFire  . . .     SeeInvis .     a - +0 flail
rCold  + . .     Gourm    .     (armour unavailable)
rNeg   . . .     Faith    .     (no shield)
rPois  .         Spirit   .     b - +0 hat
rElec  .         Dismiss  .     o - +0 cloak
rCorr  .         Reflect  .     (no gloves)
SustAt .         Harm     .     (no boots)
MR     +....                    (no amulet)
Stlth  +.........               e - ring of protection from magic
                                G - ring of wizardry

@: short of breath, somewhat resistant to hostile enchantments, very unstealthy
A: breathe frost, unfitting armour, cold resistance 1, cold-blooded, AC +6
a: Breathe Frost, Potion Petition, Call Merchant, Bribe Branch, Renounce
Religion


You were on level 6 of the Dungeon.
You worshipped Gozag.
Gozag was noncommittal.
You were not hungry.

You visited 2 branches of the dungeon, and saw 7 of its levels.

You collected 350 gold pieces.
You paid 110 gold pieces to Gozag.

Inventory:

Hand Weapons
 a - a +0 flail (weapon)
Missiles
 c - 2 throwing nets (quivered)
 F - 5 tomahawks
Armour
 b - a +0 hat (worn)
 o - a +0 cloak (worn)
 w - a +0 buckler
Jewellery
 e - a ring of protection from magic (right hand)
 G - a ring of wizardry (left hand)
 H - a +4 ring of intelligence
Wands
 h - a wand of digging (5/24)
 i - a wand of disintegration (17/24)
 v - a wand of flame (15/48)
 z - a wand of flame (14/48)
 A - a wand of digging (9/24)
Scrolls
 j - 2 scrolls of teleportation
 k - 2 scrolls of amnesia {unknown}
 l - 5 scrolls of magic mapping {unknown}
 m - 3 scrolls of immolation {unknown}
 p - 4 scrolls of enchant armour {unknown}
 q - 3 scrolls of identify
 s - 2 scrolls of recharging
 u - a scroll of enchant weapon {unknown}
 y - a scroll of fog {unknown}
Potions
 n - a potion of curing
 r - a potion of invisibility {unknown}
 t - 2 potions of agility
 x - a potion of flight
 B - a potion of lignification {unknown}
 C - 3 potions of magic {unknown}
 D - a potion of haste {unknown}
 E - a potion of heal wounds
Comestibles
 d - 5 bread rations
 f - a fruit
 g - a meat ration


   Skills:
 + Level 5.9 Fighting
 * Level 7.5 Maces & Flails
 + Level 4.7 Throwing
 + Level 5.2 Dodging


You had 7 spell levels left.
You didn't know any spells.

Dungeon Overview and Level Annotations

Branches:
Dungeon (6/15)             Temple (1/1) D:6

Altars:
Ashenzari
Cheibriados
Dithmenos
Elyvilon
Gozag
Kikubaaqudgha
Makhleb
Nemelex Xobeh
Okawaru
Pakellas
Qazlal
Ru
Trog
Vehumet
Xom
Yredelemnul
Zin
The Shining One

Shops:
D:4 %


Innate Abilities, Weirdness & Mutations

You can breathe waves of freezing cold.
You can buffet flying creatures when you breathe cold.
Your icy white scales are hard (AC +6).
Your body does not fit into most forms of armour.
Your flesh is cold resistant.
You are cold-blooded and may be slowed by cold attacks.


Message History

The orc shouts!
You hit the orc warrior but do no damage.
The orc warrior is heavily wounded.
The orc warrior hits you with a scimitar!
You hit the orc warrior but do no damage.
You tail-slap the orc warrior, but do no damage.
The orc warrior is heavily wounded.
The orc warrior hits you with a scimitar!
* * * LOW HITPOINT WARNING * * *
Throwing (i - inventory. (,) - cycle):
c - 3 throwing nets (quivered)
Press: ? - help, Shift-Dir - straight line, f/p - orc warrior
Aim: an orc warrior, wielding a scimitar and wearing a plate armour (heavily wounded)
You throw a throwing net.
The throwing net barely misses the orc warrior.
The throwing net hits the orc.
The orc is caught in the net!
The orc is no longer distracted by gold.
The orc struggles to escape the net.
The orc warrior hits you with a scimitar!!
You die...
Your body crumbles into a pile of gold.

........#....#
######..####'#
.....#..####.#
.....#.....'.#
.....#.....#.## #.
.....#.....#..#######...
.....#.....#............
.....#....##≈≈≈≈.≈≈≈≈##
.....#....##≈##≈@≈##≈#
######......≈###o##
............≈≈#oo.
............≈≈#.$.#
......(.....≈≈#.?.#
............≈######
............≈#
######.##..#≈≈≈≈≈
...######..####...


You could see an orc warrior and 2 orcs.

Vanquished Creatures
  Grinder (D:3)
  Duvessa (D:5)
  2 ogres (D:5)
  2 centaurs (D:5)
  A giant frog (D:6)
  A water moccasin zombie (D:6)
  A gnoll sergeant (D:5)
  Dowan (D:5)
  A scorpion (D:4)
  The ghost of yogakurto the Charmwright, a weakling CeSk (D:3)
  An electric eel (D:6)
  2 crimson imps
  A centaur zombie (D:5)
  An orc priest (D:5)
  2 centaur skeletons (D:5)
  2 orc wizards (D:5)
  3 worker ants
  Natasha (thrice) (D:3)
  4 gnolls
  4 adders (D:2)
  A shadow imp (D:4)
  8 oozes
  An adder skeleton (D:5)
  5 worms
  4 giant geckos
  19 orcs
  2 ball pythons
  4 giant cockroaches
  8 goblins
  8 hobgoblins
  6 jackals
  4 quokkas
  5 bats
  7 giant newts
  4 kobolds
  6 rats
127 creatures vanquished.

Notes
Turn   | Place    | Note
--------------------------------------------------------------
     0 | D:1      | namelastname112 the Draconian Gladiator began the quest for the Orb.
     0 | D:1      | Reached XP level 1. HP: 17/17 MP: 1/1
     1 | D:1      | Found a runed door.
   331 | D:1      | Reached XP level 2. HP: 23/25 MP: 2/2
   947 | D:1      | Reached XP level 3. HP: 19/30 MP: 3/3
  1331 | D:2      | Reached XP level 4. HP: 35/37 MP: 4/4
  1634 | D:2      | Found a glowing silver altar of Zin.
  1634 | D:2      | Noticed an angel
  1635 | D:2      | Found a shimmering altar of Xom.
  1903 | D:2      | Found a shattered altar of Ashenzari.
  1911 | D:2      | Found a bloodstained altar of Trog.
  1937 | D:2      | Reached skill level 4 in Maces & Flails
  2531 | D:3      | Noticed Grinder
  2537 | D:3      | Paralysed by Grinder for 4 turns
  2602 | D:3      | Paralysed by Grinder for 3 turns
  2920 | D:3      | Reached XP level 5. HP: 36/45 MP: 5/5
  2998 | D:3      | Noticed Natasha
  3018 | D:3      | Paralysed by Grinder for 6 turns
  3027 | D:3      | Killed Natasha
  3032 | D:3      | Killed Grinder
  3032 | D:3      | Reached skill level 5 in Maces & Flails
  3032 | D:3      | Reached XP level 6. HP: 14/52 MP: 6/6
  3283 | D:3      | Noticed Natasha
  3295 | D:3      | Killed Natasha
  3436 | D:3      | Noticed Natasha
  3443 | D:3      | Noticed yogakurto's ghost (weakling CeSk)
  3443 | D:3      | Killed Natasha
  3447 | D:3      | Killed yogakurto's ghost
  4116 | D:4      | Found Upniecikog's Food Shop.
  4269 | D:4      | Found a shadowy altar of Dithmenos.
  4492 | D:4      | Reached XP level 7. HP: 52/59 MP: 7/7
  4492 | D:4      | Your scales start taking on an icy white colour.
  4492 | D:4      | Gained mutation: Your flesh is cold resistant. [White Draconian growth]
  4522 | D:5      | Entered Level 5 of the Dungeon
  4641 | D:5      | Reached skill level 6 in Maces & Flails
  4923 | D:5      | Reached skill level 5 in Fighting
  4985 | D:5      | Reached XP level 8. HP: 12/68 MP: 8/8
  5374 | D:5      | Noticed Duvessa
  5374 | D:5      | Noticed Dowan
  5395 | D:5      | Killed Duvessa
  5403 | D:5      | Killed Dowan
  5673 | D:5      | Reached skill level 7 in Maces & Flails
  5868 | D:5      | Reached skill level 5 in Dodging
  6444 | D:6      | Found a staircase to the Ecumenical Temple.
  6482 | Temple   | Entered the Ecumenical Temple
  6546 | Temple   | Became a worshipper of Gozag Ym Sagoz the Greedy
  6614 | D:6      | Found a radiant altar of Vehumet.
  7012 | D:6      | Slain by an orc warrior

Vault maps used:
D:1:      dpeg_arrival_caged_fury, kennysheep_decorative_pillar,
          minmay_misc_feat_four_crosses
D:2:      grunt_temple_overflow_order_and_chaos_1, grunt_temple_overflow_open,
          st_stairs_1
D:3:      kennysheep_six_static_rooms, uniq_natasha, uniq_grinder
D:4:      grunt_dithmenos_shadows, serial_shops, kennysheep_mini_moat,
          first_bread
D:5:      uniq_duvessa
D:6:      led_sif_pool, vehumet_altar_wand_db, minmay_temple_entry_grid,
          lightli_minifort, uniq_eustachio
Temple:   circular_temple_pool_12

Action                   |  1- 3 |  4- 6 |  7- 9 || total
-------------------------+-------+-------+-------++-------
Melee: Flail             |   110 |   178 |   178 ||   466
Throw: Throwing net      |       |     4 |     1 ||     5
 Abil: Breathe Frost     |       |       |     9 ||     9
Evoke: Wand              |       |    12 |     1 ||    13
  Use: Potion            |       |     5 |     1 ||     6
       Scroll            |       |     5 |       ||     5
 Stab: Sleeping          |     1 |     1 |       ||     2
       Distracted        |       |       |     1 ||     1
  Eat: Chunk             |     1 |     9 |     5 ||    15
       Beef jerky        |       |     1 |     1 ||     2
       Meat ration       |       |       |     1 ||     1
